 Dungeon Sprint DCSS version 0.30-a0-920-g7493c07aab (webtiles) character file.

Game seed: 14432126537946905532

2200000 Atreus the Invulnerable (level 18, -11/92 HPs)
             Began as a Gargoyle Berserker on Mar 21, 2023.
             Was a High Priest of Trog.
             Mangled by a bag of meat
             ... wielding a +9 war axe
              (41 damage)
             ... in the Dungeon (Sprint VIII: "Arena of Blood").
             The game lasted 00:01:02 (22 turns).

Atreus the Invulnerable (Gargoyle Berserker)          Turns: 22, Time: 00:01:04

Health: -11/92     AC: 18    Str: 29    XL:     18   Next: 26%
Magic:  17/26      EV: 21    Int:  8    God:    Trog [*****.]
Gold:   0          SH:  0    Dex:  9    Spells: 17/17 levels left

rFire   . . .      SeeInvis .    i - +∞ Axe of Woe
rCold   . . .      Faith    .    (shield currently unavailable)
rNeg    + . .      Spirit   .    b - +0 animal skin
rPois   ∞          Reflect  .    (no helmet)
rElec   +          Rampage  .    (no cloak)
rCorr   .          NoTele   +    (no gloves)
Will    +....                    (no boots)
Stlth   +++++                    (no amulet)
HPRegen 0.35/turn                (no ring)
MPRegen 0.20/turn                (no ring)

@: on berserk cooldown, flying, slowed, very slow
A: sickness immunity, AC +13, big wings, negative energy resistance 1,
electricity resistance, torment resistance 1, petrification resistance
a: Renounce Religion, Berserk, Trog's Hand, Brothers in Arms


You were in the Dungeon.
You worshipped Trog.
Trog was extremely pleased with you.
You visited 1 branch

Inventory:

Hand Weapons
 a - a +0 short sword
 i - the +∞ Axe of Woe (weapon)
   (You found it in the Dungeon)
Armour
 b - a +0 animal skin (worn)
Scrolls
 h - a scroll of blinking
Potions
 c - a potion of curing
 d - a potion of heal wounds
 e - a potion of haste
 f - 2 potions of magic
 g - a potion of berserk rage


   Skills:
 - Level 3.2 Fighting
 - Level 2.6(6.7) Short Blades
 + Level 9.7(9.9) Long Blades
 O Level 27 Axes
 + Level 10.0(22.2) Maces & Flails
 + Level 9.2(20.5) Polearms
 + Level 10.0(13.3) Staves
 + Level 10.0 Ranged Weapons
 + Level 9.2 Throwing
 O Level 27 Armour
 O Level 27 Dodging
 + Level 11.9 Stealth
 + Level 10.9 Shields
 + Level 10.0 Unarmed Combat
 + Level 10.9 Invocations
 + Level 9.2 Evocations


You had 17 spell levels left.
You didn't know any spells.
Your spell library was empty.

Dungeon Overview and Level Annotations

Branches:
Dungeon (1/1)

Altars:
Makhleb


Innate Abilities, Weirdness & Mutations

You are immune to sickness and miasma.
Your stone body is resilient. (AC +13)
You are immune to poison.
Your large and strong wings let you fly.
You resist negative energy. (rN+)
You are resistant to electric shocks. (rElec)
You are resistant to unholy torment.
You are immune to petrification.


Message History

You kill the bag of meat!
Trog accepts your kill.
You slash the large bag of meat!
Flame seeps out of the large bag of meat.
You butcher the large bag of meat messily.
Trog accepts your kill.
You hit the meat berserker but do no damage.
You fatally mangle the meat berserker.
You kill the meat berserker!
Trog accepts your kill.
The large bag of meat explodes!
The fiery explosion engulfs the bag of meat!!!
The fiery explosion engulfs you!
The fiery explosion engulfs the bag of meat!!!
You are engulfed in blazing flames.
You hear a shout! x13
The bag of meat is engulfed in blazing flames.
You hear a shout!
A bag of meat comes into view. It is wielding a +9 war axe. x2
The bag of meat is engulfed in blazing flames.
You hear a shout! x2
Your Long Blades skill gained 9 levels and is now at level 9!
Your base Maces & Flails skill gained 10 levels and is now at level 10!
Your base Polearms skill gained 9 levels and is now at level 9!
Your base Staves skill gained 10 levels and is now at level 10!
Your Ranged Weapons skill gained 10 levels and is now at level 10!
Your Throwing skill gained 9 levels and is now at level 9!
Your Stealth skill gained 11 levels and is now at level 11!
Your Shields skill gained 10 levels and is now at level 10!
Your Unarmed Combat skill gained 10 levels and is now at level 10!
Your Invocations skill gained 10 levels and is now at level 10!
Your Evocations skill gained 9 levels and is now at level 9!
You have reached level 18!
A meat berserker comes into view. It is wielding a +9 battleaxe.
The meat berserker shouts!
You hear a shout!
The meat berserker rages.
You hear a shout! x6
The bag of meat is engulfed in blazing flames.
The bag of meat hits you with a +9 war axe!!!
You die...

... .. #.. .# .
#.. O.# ..###..
..###.
......###......
..o.._......
#)))..# #§§@)_#
#oo)..#
..§§§_......
......###......
..###.. ..###.
. #.o ..# #.o
.#


oo. .. You could see a meat berserker (berserk) and 6 bags of meat.

Vanquished Creatures
  7 ogres (D)
  A two-headed ogre (D)
  11 orcs (D)
19 creatures vanquished.

Notes
Turn   | Place    | Note
-------+----------+-------------------------------------------
     0 | D        | Found the +∞ Axe of Woe
     0 | D        | Atreus the Gargoyle Berserker began the quest for the Orb.
     0 | D        | Reached XP level 1. HP: 14/14 MP: 1/1
     2 | D        | Noticed a bag of meat
     3 | D        | Noticed a bag of meat
     4 | D        | Noticed a bag of meat
     4 | D        | Noticed a bag of meat
     4 | D        | Noticed a bag of meat
     5 | D        | Noticed a bag of meat
     6 | D        | Killed a bag of meat
     6 | D        | Noticed a bag of meat
     7 | D        | Reached skill level 15 in Dodging
     7 | D        | Reached XP level 2. HP: 19/19 MP: 2/2
     7 | D        | Reached XP level 3. HP: 23/23 MP: 3/3
     7 | D        | Reached XP level 4. HP: 28/28 MP: 4/4
     7 | D        | Reached XP level 5. HP: 32/32 MP: 5/5
     7 | D        | Reached XP level 6. HP: 37/37 MP: 6/6
     7 | D        | Reached XP level 7. HP: 41/41 MP: 7/7
     7 | D        | Reached XP level 8. HP: 46/46 MP: 8/8
     7 | D        | Reached XP level 9. HP: 51/51 MP: 9/9
     7 | D        | Reached XP level 10. HP: 56/56 MP: 10/10
     7 | D        | Reached XP level 11. HP: 60/60 MP: 11/11
     8 | D        | Noticed a bag of meat
     9 | D        | Killed a bag of meat
     9 | D        | Reached ** piety under Trog
     9 | D        | Killed a bag of meat
     9 | D        | Noticed a meat berserker
    10 | D        | Reached XP level 12. HP: 64/64 MP: 12/12
    10 | D        | Killed a bag of meat
    10 | D        | Killed a bag of meat
    10 | D        | Noticed a meat berserker
    10 | D        | Noticed a meat berserker
    11 | D        | Reached XP level 13. HP: 68/68 MP: 13/13
    11 | D        | Killed a bag of meat
    11 | D        | Reached *** piety under Trog
    11 | D        | Killed a meat berserker
    11 | D        | Noticed a meat berserker
    11 | D        | Noticed a bag of meat
    12 | D        | Reached skill level 27 in Armour
    12 | D        | Gained mutation: Your large and strong wings let you fly.
                  | [Gargoyle growth]
    12 | D        | Reached XP level 14. HP: 74/74 MP: 14/14
    13 | D        | Noticed a bag of meat
    13 | D        | Noticed a bag of meat
    13 | D        | Noticed a meat berserker
    14 | D        | Killed a bag of meat
    15 | D        | Reached XP level 15. HP: 78/78 MP: 15/15
    15 | D        | Noticed a meat berserker
    15 | D        | Killed a meat berserker
    15 | D        | Reached **** piety under Trog
    16 | D        | Killed a meat berserker
    16 | D        | Noticed a meat berserker
    17 | D        | Reached XP level 16. HP: 83/83 MP: 16/16
    17 | D        | Killed a meat berserker
    17 | D        | Reached ***** piety under Trog
    19 | D        | Reached skill level 27 in Axes
    20 | D        | Killed a meat berserker
    20 | D        | Received a gift from Trog
    20 | D        | Killed a meat berserker
    20 | D        | Noticed a large bag of meat
    21 | D        | Reached skill level 27 in Dodging
    21 | D        | Reached XP level 17. HP: 59/87 MP: 17/17
    21 | D        | Killed a large bag of meat
    21 | D        | Killed a meat berserker
    22 | D        | Reached skill level 10 in Maces & Flails
    22 | D        | Reached skill level 10 in Staves
    22 | D        | Reached skill level 10 in Ranged Weapons
    22 | D        | Reached skill level 10 in Shields
    22 | D        | Reached skill level 10 in Unarmed Combat
    22 | D        | Reached skill level 10 in Invocations
    22 | D        | Reached XP level 18. HP: 29/92 MP: 17/26
    22 | D        | Noticed a meat berserker
    22 | D        | Mangled by a bag of meat

Illustrated notes

Levels and vault maps discovered:
D:        meatsprint

Skill      XL: |  1  2  3  4  5  6  7  8  9 10 11 12 13 14 15 16 17 |
---------------+----------------------------------------------------+-----
Armour         | 19 23 25 27 | 27.0
Dodging        | 15 18 20 21 22 24 27 | 27.0
Axes           | 9 12 17 18 24 27 | 27.0
Long Blades    | 9 |  9.7
Maces & Flails | 10 | 10.0
Polearms       | 9 |  9.2
Staves         | 10 | 10.0
Ranged Weapons | 10 | 10.0
Throwing       | 9 |  9.2
Stealth        | 11 | 11.9
Shields        | 10 | 10.9
Unarmed Combat | 10 | 10.0
Invocations    | 10 | 10.9
Evocations     | 9 |  9.2
Fighting       | |  3.2
Short Blades   | |  2.6

Action                     |  1- 3 |  4- 6 |  7- 9 | 10-12 | 13-15 | 16-18 || total
---------------------------+-------+-------+-------+-------+-------+-------++-------
  Melee: Executioner's axe |     1 |       |       |     2 |     4 |     4 ||    11
 Invoke: Berserk           |       |       |       |     1 |       |       ||     1

Table legend: (Time is in decaauts)
 A = Elapsed time spent in this place.
 B = Non-inter-level travel time spent in this place.
 C = Inter-level travel time spent in this place.
 D = Time resting spent in this place.
 E = Time spent auto-exploring this place.
 F = Levels seen in this place.
 G = Mean time per level.
                   A        B        C        D        E       F      G
               +--------+--------+--------+--------+--------+-----+--------+
         Total |     19 |     19 |      0 |      0 |      0 |   1 |   19.0 |
       Dungeon |     19 |     19 |      0 |      0 |      0 |   1 |   19.0 |
               +--------+--------+--------+--------+--------+-----+--------+

Top non-repeatable levels by time:
       D: 19 daAuts
